 Dungeon Crawl Stone Soup version 0.23.0 (webtiles) character file.

Game seed: 4605661083669051432

62 Jethus the Skirmisher (level 3, -3/29 HPs)
             Began as a Demonspawn Abyssal Knight on Feb 16, 2019.
             Was a Believer of Lugonu.
             Killed from afar by Sigmund (7 damage)
             ... with a puff of flame
             ... on level 2 of the Dungeon.
             The game lasted 00:05:27 (1383 turns).

Jethus the Skirmisher (Demonspawn Abyssal Knight)   Turns: 1383, Time: 00:05:28

Health: -3/29      AC:  3    Str: 11 (13) XL:     3   Next: 85%
Magic:  5/5        EV: 11    Int: 15 (18) God:    Lugonu [**....]
Gold:   106        SH:  0    Dex:  9 (12) Spells: 2/2 levels left

rFire    . . .     SeeInvis .   a - +1 hand axe
rCold    . . .     Gourm    .   (no shield)
rNeg     . . .     Faith    .   b - +0 leather armour
rPois    .         Spirit   .   (no helmet)
rElec    .         Reflect  .   (no cloak)
rCorr    .         Harm     .   (no gloves)
MR       .....                  (no boots)
Stlth    +.........             (no amulet)
HPRegen  0.09/turn              (no ring)
MPRegen  0.09/turn              (no ring)

@: confused, brilliant, hasted, very quick
A: nightstalker 1
a: Depart the Abyss, Bend Space, Renounce Religion


You were on level 2 of the Dungeon.
You worshipped Lugonu.
Lugonu was pleased with you.
You were not hungry.

You visited 1 branch of the dungeon, and saw 2 of its levels.
You visited the Abyss 1 time.

You collected 106 gold pieces.

Inventory:

Hand Weapons
 a - a +1 hand axe (weapon)
Armour
 b - a +0 leather armour (worn)
Scrolls
 h - a scroll of magic mapping {unknown}
 k - 5 scrolls of identify {unknown}
 l - a scroll of amnesia {unknown}
 m - a scroll of fog {unknown}
 n - a scroll of blinking {unknown}
Potions
 d - a potion of degeneration
Comestibles
 c - 3 rations
 f - a chunk of flesh


   Skills:
 + Level 3.4 Fighting
 + Level 2.3 Axes
 + Level 2.3 Armour
 + Level 1.6 Dodging
 + Level 3.2 Invocations


You had 2 spell levels left.
You didn't know any spells.
Your spell library was empty.

Dungeon Overview and Level Annotations

Branches:
Dungeon (2/15)

Altars:

Annotations:
D:2 Sigmund


Innate Abilities, Weirdness & Mutations

You are slightly more attuned to the shadows.


Message History

You barely miss something. You hit something but do no damage.
Something wriggles in the net.
You hit something but do no damage.
Something wriggles in the net.
All of a sudden the net rips apart!
You miss something.
You hear some strange, mumbled words.
You are confused.
You slash something! You hit something but do no damage.
You hear some strange, mumbled words.
A magic dart appears from out of thin air!
The magic dart hits you!
* * * LOW HITPOINT WARNING * * *
Okay, then.
You're too confused!
You bump into the rock wall.
Something hits you.
* * * LOW HITPOINT WARNING * * *
A puff of flame appears from out of thin air!
The puff of flame hits you!
You die...

#.# #.# #.#
##.#######
#.#
#........#
#.#######
#..#####.#
#.......#
#..# #†###
#######.#
#..# #....
#÷# #..#
#####
#.########..#
#...@.......
#{########.
#.# #.# #.#
... ... ...


There were no monsters in sight!

Vanquished Creatures
  2 adders (D:2)
  An ooze (D:2)
  A dart slug (D:1)
  A leopard gecko (D:1)
  A bat (D:1)
  3 giant cockroaches (D:2)
  5 goblins
  5 hobgoblins
  3 jackals (D:2)
  A ball python (D:1)
  2 frilled lizards (D:2)
  4 kobolds
  5 rats
34 creatures vanquished.

Notes
Turn   | Place    | Note
-------+----------+-------------------------------------------
     0 | Abyss:1  | Jethus the Demonspawn Abyssal Knight began the quest for
                  | the Orb.
     0 | Abyss:1  | Reached XP level 1. HP: 18/18 MP: 2/2
    15 | Abyss:1  | Noticed a quasit
    23 | D:1      | Escaped the Abyss
    98 | D:1      | Reached skill level 1 in Dodging
   148 | D:1      | Gained mutation: You are slightly more attuned to the
                  | shadows. [demonic ancestry]
   148 | D:1      | Reached XP level 2. HP: 22/24 MP: 4/4
   757 | D:2      | Reached XP level 3. HP: 25/29 MP: 5/5
   861 | D:2      | Reached ** piety under Lugonu
  1356 | D:2      | Noticed Sigmund
  1383 | D:2      | Killed from afar by Sigmund

Skill      XL: |  1  2 |
---------------+-------+-----
Dodging        | 1 |  1.6
Axes           | 2 |  2.3
Armour         | 2 |  2.3
Invocations    | 3 |  3.2
Fighting       | |  3.4

Action                   || total
-------------------------++-------
Melee: Hand axe          ||   111
Throw: Throwing net      ||     1
  Use: Scroll            ||     2
       Potion            ||     3
 Stab: Sleeping          ||     1
  Eat: Chunk             ||     2
Armor: Leather armour    ||    24
Dodge: Dodged            ||    63
